 Dungeon Crawl Stone Soup version 0.31.0-12-g77e489cdc1 (webtiles) character file.

Game seed: 7361345903933506529

1435 BigDaddyOpFi the Ruffian (level 8, -1/56 HPs)
             Began as an Octopode Fighter on Feb 21, 2024.
             Was an Initiate of Ashenzari.
             Slain by a vampire (3 damage)
             ... on level 6 of the Dungeon.
             The game lasted 00:07:43 (5735 turns).

BigDaddyOpFi the Ruffian (Octopode Fighter)         Turns: 5735, Time: 00:07:43

Health: -1/56      AC:  1    Str: 15    XL:     8   Next: 73%
Magic:  7/7        EV: 15    Int:  8    God:    Ashenzari [......]
Gold:   377        SH:  0    Dex: 14    Spells: 7/7 levels left

rFire   + .          .
                       - Unarmed
rCold   x . .        a - +1 buckler
rNeg    . . .        (helmet restricted)
rPois   .            (no amulet)
rElec   .            c - ring of fire
rCorr   .            (no ring)
SInv    .            (no ring)
Will    .....        (no ring)
Stlth   ++           (no ring)
HPRegen 0.29/turn    (no ring)
MPRegen 0.10/turn    (no ring)
                     (no ring)

%: no passive effects
@: confused, mighty
A: almost no armour, amphibious, 8 rings, camouflage 1, gelatinous body 1,
(nimble swimmer 1), tentacles, dopey 1, low MP 1, wild magic 1
a: Renounce Religion


You were on level 6 of the Dungeon.
You worshipped Ashenzari.
Ashenzari was noncommittal.
You visited 1 branch of the dungeon, and saw 6 of its levels.

You collected 377 gold pieces.

Inventory:

Hand Weapons
 h - the +7 dagger of the Middle {pain, rC+ Int+6}
   (You found it on level 2 of the Dungeon)

   Int+6:     It affects your intelligence (+6).
   rC+:       It protects you from cold.
 i - a +3 quarterstaff of chaos
Missiles
 e - 5 boomerangs (quivered)
 k - a throwing net
Armour
 a - a +1 buckler (worn)
 s - a +0 cloak
Jewellery
 c - a ring of fire (left tentacle)
Wands
 r - a wand of flame (11)
Scrolls
 g - 3 scrolls of teleportation
 j - 4 scrolls of identify
 q - a scroll of enchant weapon
Potions
 f - 2 potions of cancellation


   Skills:
 + Level 5.4 Fighting
 * Level 3.3 Throwing
 + Level 5.4 Dodging
 + Level 5.3 Shields
 + Level 6.2 Unarmed Combat


You had 7 spell levels left.
You didn't know any spells.
Your spell library contained the following spells:

 Spells                   Type           Power      Damage    Failure   Level
 Ensorcelled Hibernation  Hex/Ice        0%         N/A       71%         2
 Passwall                 Erth           0%         N/A       90%         3
 Swiftness                Air            0%         N/A       90%         3


Dungeon Overview and Level Annotations

Branches:
Dungeon (6/15)
 Temple: D:4-7

Altars:
Ashenzari
Cheibriados
Dithmenos
Okawaru
Ru
Trog


Innate Abilities, Weirdness & Mutations

You cannot wear most types of armour.
You are amphibious.
You can wear up to eight rings at the same time.
Your skin changes colour to match your surroundings (Stealth+).
Your rubbery body absorbs attacks. (AC +1, EV +1)
((You are camouflaged when in or above water. (Stealth+)))
You have tentacles for arms and can constrict up to eight enemies at once.
You are dopey. (Int -2)
Your magical capacity is low. (-10% MP)
Your spells are a little harder to cast, but a little more powerful.


Message History

The vampire hits you! The vampire closely misses you.
You tentacle-slap the vampire. You squeeze the vampire.
The vampire is moderately damaged.
You constrict the vampire, but do no damage.
The vampire closely misses you. The vampire bites you!
The vampire draws strength from your injuries!
You barely miss the vampire.
The vampire is lightly damaged.
You constrict the vampire.
The vampire gestures wildly while chanting.
The vampire flickers and vanishes!
Deactivating autopickup; reactivate with Ctrl-A.
You tentacle-slap something. You squeeze something! You constrict something.
You hear some strange, mumbled words.
Something tries to affect you, but you resist.
You tentacle-slap something.
Your tentacle-slap misses something.
You constrict something. Something hits you. Something barely misses you.
You tentacle-slap something but do no damage.
You constrict something. Something hits you! Something bites you!
* * * LOW HITPOINT WARNING * * *
Something draws strength from your injuries!
You feel better.
You constrict something. You block something's attack. Something bites you.
* * * LOW HITPOINT WARNING * * *
Something draws strength from your injuries!
You feel very mighty all of a sudden.
You constrict something. You block something's attack. x2
You barely miss something. You squeeze something! You constrict something.
Something hits you.
* * * LOW HITPOINT WARNING * * *
Something bites you!
* * * LOW HITPOINT WARNING * * *
Something draws strength from your injuries!
You feel better.
You constrict something.
You hear some strange, mumbled words.
You are confused.
You release your grip on something.
Something draws life force from you.
* * * LOW HITPOINT WARNING * * *
Something hits you.
You die...

## ... #########.# .o.
#. #.........# #... ##
#.........# .../##.
#.........# #.......##
#...<.....###........#
#........###...(....8#
#....{..###........ #.
#....@...# .......##.
#.......## ...#.#8.
######.#.#####+#.##...
#.#..+.......'...
#...#####+#.##...
##.#####...#..#8. #.#
#8.......#..
#.####........##
##.##.........8#


There were no monsters in sight!

Vanquished Creatures
  Grinder (D:2)
  An ice beast (D:6)
  An ogre (D:4)
  A phantom (D:4)
  A bullfrog (D:6)
  2 scorpions
  2 bombardier beetles (D:5)
  2 jellies
  A hound (D:5)
  3 orc priests
  Crazy Yiuf (D:4)
  Jessica (D:2)
  2 iguanas (D:5)
  Terence (D:3)
  4 sleepcaps
  2 orc wizards (D:5)
  Robin (D:2)
  8 gnolls
  7 adders
  3 dart slugs
  4 ribbon worms
  8 orcs
  11 ball pythons
  5 endoplasms
  3 giant cockroaches
  15 goblins
  17 hobgoblins
  10 jackals (D:1)
  4 quokkas
  3 bats
  13 frilled lizards
  9 kobolds
  4 rats
151 creatures vanquished.

Notes
Turn   | Place    | Note
-------+----------+-------------------------------------------
     0 | D:1      | BigDaddyOpFi the Octopode Fighter began the quest for the
                  | Orb.
     0 | D:1      | Reached XP level 1. HP: 16/16 MP: 1/1
    62 | D:1      | Reached XP level 2. HP: 15/21 MP: 2/2
   394 | D:1      | Reached XP level 3. HP: 8/26 MP: 3/3
  1132 | D:2      | Noticed Jessica
  1141 | D:2      | Killed Jessica
  1142 | D:2      | Reached skill level 3 in Unarmed Combat
  1142 | D:2      | Reached XP level 4. HP: 21/31 MP: 4/4
  1181 | D:2      | Found a shadowy altar of Dithmenos.
  1379 | D:2      | Noticed Robin
  1675 | D:2      | Identified the +7 dagger of the Middle {pain, rC+ Int+6}
  1750 | D:2      | Killed Robin
  1823 | D:2      | Reached XP level 5. HP: 36/36 MP: 5/5
  2121 | D:3      | Noticed Terence
  2132 | D:3      | Killed Terence
  2133 | D:3      | Reached skill level 4 in Unarmed Combat
  2204 | D:3      | Reached XP level 6. HP: 29/43 MP: 6/6
  2388 | D:3      | Noticed Grinder
  2401 | D:2      | Killed Grinder
  2402 | D:2      | Reached XP level 7. HP: 15/48 MP: 7/7
  2590 | D:3      | Found a sacrificial altar of Ru.
  2667 | D:3      | Identified the +1 chain mail "Goiraha" {Dex+5}
  2968 | D:3      | Reached skill level 5 in Unarmed Combat
  3781 | D:4      | Gained mutation: Your spells are a little harder to cast,
                  | but a little more powerful. [potion of mutation]
  3781 | D:4      | Gained mutation: You are dopey. (Int -2) [potion of
                  | mutation]
  3781 | D:4      | Gained mutation: Your magical capacity is low. (-10% MP)
                  | [potion of mutation]
  4139 | D:4      | Reached XP level 8. HP: 46/54 MP: 7/7
  4171 | D:4      | Found an iron altar of Okawaru.
  4190 | D:4      | Found a runed translucent door.
  4191 | D:4      | Noticed Crazy Yiuf
  4257 | D:4      | Reached skill level 1 in Throwing
  4263 | D:4      | Reached skill level 5 in Fighting
  4263 | D:4      | Reached skill level 5 in Dodging
  4476 | D:4      | Killed Crazy Yiuf
  4477 | D:4      | Reached skill level 5 in Shields
  4516 | D:5      | Entered Level 5 of the Dungeon
  4528 | D:5      | Found a shadowy altar of Dithmenos.
  4741 | D:5      | Found a broken altar of Ashenzari.
  4756 | D:5      | Became a worshipper of Ashenzari the Shackled
  4961 | D:5      | Reached skill level 6 in Unarmed Combat
  5097 | D:5      | Found a bloodstained altar of Trog.
  5399 | D:5      | Found a snail-covered altar of Cheibriados.
  5717 | D:6      | Noticed a vampire
  5734 | D:6      | HP: 2/56 [something (6)]
  5735 | D:6      | Slain by a vampire

Illustrated notes

Levels and vault maps discovered:
D:1:      dpeg_arrival_arbitrary_b, layout_basic, minmay_octomino_j4
D:2:      layout_rooms, basic_altar, uniq_jessica, uniq_robin
D:3:      layout_rooms, mainiacjoe_overflow_tiny_flanked,
          minmay_tree_intersection, uniq_grinder, uniq_terence
D:4:      layout_basic, lemuel_tele_altar, minmay_increasing_density,
          uniq_crazy_yiuf_cottage
D:5:      layout_rooms, mainiacjoe_overflow_paths, mainiacjoe_overflow_alcove_4,
          cheibrodos_ashenzari_chains, trog_hazing_becter, minmay_lizard_king
D:6:      hellmonk_crumbling_castle, layout_rooms, mainiacjoe_overflow_24_doors

Skill      XL: |  1  2  3  4  5  6  7  8 |
---------------+-------------------------+-----
Unarmed Combat | 3 4 5 6 |  6.2
Shields        | 4 5 |  5.3
Fighting       | 4 5 |  5.4
Dodging        | 4 5 |  5.4
Throwing       | 3 |  3.3

Action                     |  1- 3 |  4- 6 |  7- 9 || total
---------------------------+-------+-------+-------++-------
  Melee: Unarmed           |    88 |    26 |   160 ||   274
         Constrict         |    23 |    27 |    41 ||    91
         Tentacles         |    17 |    19 |    48 ||    84
         Punch             |     1 |     4 |    10 ||    15
         Dagger            |       |    74 |    16 ||    90
    Use: Scroll            |       |     7 |     2 ||     9
         Potion            |       |     2 |    14 ||    16
   Stab: Sleeping          |    10 |     6 |     7 ||    23
         Distracted        |       |       |     1 ||     1
 Armour: Skin              |    47 |    36 |    77 ||   160
  Dodge: Dodged            |    49 |    55 |   111 ||   215
  Block: Buckler           |    18 |    22 |    59 ||    99
